 Dungeon Crawl Stone Soup version 0.32-a0-768-g0f6f1dd4b9 (webtiles) character file.

Game seed: 13259107001969181212

281342 jasper the Severer (level 19, -2/155 HPs)
             Began as a Demonspawn Gladiator on Mar 18, 2024.
             Was a High Priest of Cheibriados.
             Shot with an arrow by a deep elf master archer (17 damage)
             ... on level 3 of the Elven Halls on Mar 19, 2024.
             The game lasted 01:00:48 (31642 turns).

jasper the Severer (Demonspawn Gladiator)          Turns: 31642, Time: 01:00:49

Health: -2/155     AC: 23    Str: 30    XL:     19   Next: 70%
Magic:  9/36       EV: 27    Int: 31    God:    Cheibriados [*****.]
Gold:   665        SH:  0    Dex: 31    Spells: 10/18 levels left

rFire   . . .        a - +1 battleaxe (flame)
rCold   . . .        (shield currently unavailable)
rNeg    . . .        f - +7 ring mail "Vuuhiju" {Int+3}
rPois   +            c - +1 helmet
rElec   +            (no cloak)
rCorr   .            W - +2 pair of gloves {Dex+3}
SInv    .            R - +0 pair of boots
Will    ++...        O - amulet of regeneration
Stlth   +            Z - ring of willpower
HPRegen 7.25/turn    S - ring "Wion" {rElec rPois MP+9 Stlth-}
MPRegen 0.25/turn

%: no passive effects
@: studying Unarmed Combat, very slow
A: ignite blood 3, powered by death 2, big brain 2, weakness stinger 2
}: 2/15 runes: decaying, gossamer
a: Renounce Religion, Bend Time, Temporal Distortion, Slouch, Step From Time


You were on level 3 of the Elven Halls.
You worshipped Cheibriados.
Cheibriados was extremely pleased with you.
You visited 6 branches of the dungeon, and saw 33 of its levels.
You visited the Abyss 2 times.
You also visited: Volcano.

You collected 3393 gold pieces.
You spent 2728 gold pieces at shops.

Inventory:

Hand Weapons
 a - a +1 battleaxe of flaming (weapon)
 H - a +2 heavy executioner's axe
 U - a +2 battleaxe of electrocution
Missiles
 d - 5 throwing nets (quivered)
 G - 4 silver javelins
 P - 16 curare-tipped darts
Armour
 c - a +1 helmet (worn)
 f - the +7 ring mail "Vuuhiju" (worn) {Int+3}
   (You found it on level 5 of the Dungeon)

   Int+3:     It affects your intelligence (+3).
 z - +0 swamp dragon scales
 R - a +0 pair of boots (worn)
 W - a +2 pair of gloves of dexterity (worn)
 X - a +0 hat of intelligence
Jewellery
 n - a ring of resist corrosion
 p - a ring of protection from fire
 q - a ring of see invisible
 O - an amulet of regeneration (around neck)
 S - the ring "Wion" (right hand) {rElec rPois MP+9 Stlth-}
   (You bought it in a shop on level 7 of the Dungeon)

   [ring of magical power]

   rElec:     It insulates you from electricity.
   rPois:     It protects you from poison.
   MP+9:      It affects your magic capacity (+9).
   Stlth-:    It makes you less stealthy.
 Z - a ring of willpower (left hand)
Wands
 l - a wand of paralysis (21)
 r - a wand of warping (28)
 s - a wand of digging (14)
 K - a wand of flame (43)
Scrolls
 h - 5 scrolls of immolation
 k - 9 scrolls of fear
 m - 7 scrolls of revelation
 u - 5 scrolls of vulnerability
 v - 4 scrolls of blinking
 y - 7 scrolls of teleportation
 A - 2 scrolls of enchant weapon
 B - 2 scrolls of enchant armour
 E - 6 scrolls of noise
 F - 14 scrolls of identify
 M - a scroll of poison
 N - 4 scrolls of amnesia
 T - 3 scrolls of fog
 V - 2 scrolls of butterflies
 Y - 3 scrolls of silence
Potions
 e - 6 potions of ambrosia
 i - 2 potions of invisibility
 j - 11 potions of curing
 t - 5 potions of attraction
 w - 6 potions of resistance
 x - 4 potions of mutation
 C - 4 potions of lignification
 I - 3 potions of brilliance
 J - 4 potions of magic
 Q - 7 potions of enlightenment
Miscellaneous
 b - a lightning rod (4/4)
 L - a phial of floods


   Skills:
 - Level 15.0 Fighting
 - Level 20.0 Axes
 - Level 1.7 Throwing
 - Level 15.0 Armour
 - Level 15.0 Dodging
 + Level 7.4 Necromancy
 - Level 3.0 Translocations
 + Level 6.2 Earth Magic
 - Level 10.9 Invocations


You had 10 spell levels left.
You knew the following spells:

 Your Spells              Type           Power      Damage    Failure   Level
a - Blink                 Tloc           36%        N/A       4%          2
b - Apportation           Tloc           36%        N/A       3%          1
c - Borgnjor's Vile Clut  Necr/Erth      21%        N/A       19%         5

Your spell library contained the following spells:

 Spells                   Type           Power      Damage    Failure   Level
 Necrotise                Necr           100%       1d9       1%          1
 Lesser Beckoning         Tloc           36%        N/A       4%          2
 Animate Dead             Necr           46%        N/A       5%          4
 Dispel Undead            Necr           46%        3d18      5%          4
 Cigotuvi's Dreadful Rot  Necr/Alch/Air  30%        N/A       6%          2
 Momentum Strike          Conj/Tloc      18%        3d8       10%         2
 Stone Arrow              Conj/Erth      38%        3d9       10%         3
 Foxfire                  Conj/Fire      0%         2x1d4     12%         1
 Magic Dart               Conj           0%         1d3       12%         1
 Sting                    Conj/Alch      0%         1d3       12%         1
 Summon Small Mammal      Summ           0%         N/A       12%         1
 Call Imp                 Summ           0%         N/A       17%         2
 Jinxbite                 Hex            0%         N/A       17%         2
 Scorch                   Fire           0%         2d5       17%         2
 Volatile Blastmotes      Fire/Tloc      18%        2d11      19%         3
 Anguish                  Hex/Necr       11%        N/A       26%         4
 Animate Armour           Summ/Erth      38%        N/A       32%         4
 Manifold Assault         Tloc           18%        N/A       32%         4
 Call Canine Familiar     Summ           0%         N/A       34%         3
 Sigil of Binding         Hex            0%         N/A       34%         3
 Tukima's Dance           Hex            0%         N/A       34%         3
 Dimensional Bullseye     Hex/Tloc       4%         N/A       52%         4
 Iskenderun's Mystic Bla  Conj/Tloc      9%         2d4       52%         4
 Death Channel            Necr           23%        N/A       63%         6
 Cause Fear               Hex            0%         N/A       75%         4
 Flame Wave               Conj/Fire      0%         2d4       75%         4
 Ignite Poison            Fire/Alch      0%         N/A       75%         4
 Olgreb's Toxic Radiance  Alch           0%         N/A       75%         4
 Summon Blazeheart Golem  Fire/Summ      0%         N/A       75%         4
 Alistair's Intoxication  Alch           0%         N/A       97%         5
 Freezing Cloud           Conj/Ice/Air   0%         6-21      97%         5
 Dispersal                Tloc           9%         N/A       99%         6
 Plasma Beam              Fire/Air       0%         2x1d10    100%        6
 Starburst                Conj/Fire      0%         6d3       100%        6
 Summon Cactus Giant      Summ           0%         N/A       100%        6
 Enfeeble                 Hex            0%         N/A       100%        7
 Haunt                    Necr/Summ      11%        N/A       100%        7
 Disjunction              Tloc           9%         N/A       100%        8
 Infestation              Necr           23%        N/A       100%        8
 Lehudib's Crystal Spear  Conj/Erth      9%         10d4      100%        8


Dungeon Overview and Level Annotations

Branches:
Dungeon (15/15)            Temple (0/1) D:6            Lair (5/5) D:8
  Swamp (4/4) Lair:3       Spider (4/4) Lair:2        Slime (0/5) Lair:4
    Orc (2/2) D:9             Elf (3/3) Orc:2        Vaults (0/5) D:14
 Depths (0/4) D:15        Volcano (visited)

Altars:
Ashenzari
Cheibriados
Dithmenos
Fedhas
Kikubaaqudgha
Nemelex Xobeh
Qazlal
Ru
Uskayaw
Vehumet
Yredelemnul
Beogh
Lugonu

Shops:
D:4 (   D:7 =?==(   Orc:2 (=!:

Annotations:
D:14 2 runed translucent doors, Ucadoall's ghost, journeyman BaHu
Elf:2 4 runed translucent doors


Innate Abilities, Weirdness & Mutations

Your demonic aura causes all spilled blood to erupt in flames.
You regenerate health from kills.
You have an extremely huge brain. (Int +4)
You have a tail ending in a sharp stinger.


Message History

The deep elf high priest invokes the aid of its god against you.
Something smites you!
* * * LOW HITPOINT WARNING * * *
You regained 3 hp, and now have 5/155 hp.
You feel much better.
The deep elf master archer shoots an arrow.
The arrow hits you.
* * * LOW HITPOINT WARNING * * *
The deep elf annihilator hits you with a +0 short sword.
* * * LOW HITPOINT WARNING * * *
You regained 25 hp, and now have 30/155 hp.
Activating: Slouch (1% risk of failure)
Press: ? - help, Dir - look around, f - activate You can feel time thicken for a moment.
You kill the deep elf annihilator!
Cheibriados appreciates the change of pace.
You kill the deep elf pyromancer!
Cheibriados appreciates the change of pace.
The deep elf master archer shoots an arrow.
The arrow hits you!!
* * * LOW HITPOINT WARNING * * *
The deep elf master archer is engulfed in blazing flames.
The deep elf master archer shoots an arrow.
The arrow hits you!
* * * LOW HITPOINT WARNING * * *
The ghostly deep elf sorcerer is engulfed in blazing flames.
You destroy the ghostly deep elf sorcerer!
Cheibriados appreciates the change of pace.
The deep elf pyromancer hits you with a +0 short sword.
* * * LOW HITPOINT WARNING * * *
You take 29 damage, and have 1/155 hp.
You now have 9/36 mp.
Unknown command.
Unknown command.
Unknown command.
You feel better.
The deep elf master archer is engulfed in blazing flames.
The deep elf master archer shoots an arrow.
The arrow hits you!
You die...
Cheibriados appreciates the motionlessness of death.

... ##.....#
.. .#
##......#
..###.......#
...........##
..........##
.....[$...#
..........#
......$.###
#######@#
#e§e.°....
#.$$).....
#e$.......
..e.......
.))....###.
......##
'.....##


You could see 2 deep elf master archers, a deep elf high priest and a deep elf
pyromancer (empowered).

Vanquished Creatures
  Zenata (Elf:1)
  4 deep elf blademasters
  Gastronok (Lair:3)
  A thorn hunter (Swamp:3)
  Frances (Spider:1)
  Kirke (Spider:1)
  Donald (Spider:3)
  A fenstrider witch (Swamp:2)
  6 deep elf sorcerers
  5 emperor scorpions
  3 deep elf elementalists (Elf:3)
  8 ghost moths
  2 broodmothers
  An angel (Abyss:3)
  4 very ugly things
  4 deep elf demonologists
  2 deep elf death magi (Elf:3)
  An occultist (Abyss:3)
  2 eleionomae
  A purple draconian (Abyss:3)
  5 deep elf annihilators (Elf:3)
  Azrael (Elf:2)
  5 bunyips
  2 spark wasps
  An ettin (Orc:2)
  A fire dragon (Lair:5)
  2 green deaths (Swamp:4)
  4 shambling mangroves
  3 great orbs of eyes
  6 entropy weavers
  2 deep elf high priests
  A rakshasa (Abyss:3)
  A ghost crab (Swamp:2)
  Erolcha (Orc:2)
  A hell beast (Swamp:4)
  2 catoblepae (Lair:2)
  2 jorogumos
  An ogre mage (D:14)
  4 vault guards (D:14)
  2 death knights
  13 hydras
  16 dancing weapons
  5 alligators
  4 radroaches
  A centaur warrior (D:14)
  5 boulder beetles
  3 two-headed ogres
  2 tengu warriors
  3 death yaks (Lair:5)
  An orc high priest (Orc:1)
  4 hell hogs (Abyss:3)
  7 demonic crawlers
  A thrashing horror (Swamp:4)
  Sonja (D:12)
  Nergalle (Lair:3)
  7 deep elf knights
  A sun demon (Volcano)
  A sixfirhy (Abyss:3)
  A wretched star (Abyss:3)
  8 pharaoh ants
  A hell knight (Volcano)
  7 large abominations
  2 skysharks
  2 goliath frogs
  A spatial maelstrom (Abyss:3)
  11 orb spiders
  3 skeletal warriors
  2 bunyip zombies (Swamp:2)
  2 sun moths
  3 spriggan druids
  2 swamp dragons (Swamp:4)
  An arcanist (D:14)
  12 bog bodies
  3 thermic dynamos (Elf:2)
  2 phantasmal warriors (Abyss:3)
  2 lindwurms
  10 deep elf archers
  A necromancer (Swamp:2)
  An ironbound convoker (Elf:2)
  Pikel (D:3)
  2 orc knights
  8 steelbarb worms
  17 deep elf pyromancers
  15 deep elf zephyrmancers
  The ghost of NateTC the Chopper, a novice CoFi (D:5)
  25 ugly things
  10 orc sorcerers (Orc:2)
  11 wolf spiders
  A will-o-the-wisp (Abyss:3)
  An oklob plant (Lair:1)
  3 cyclopes
  2 manticores
  An ice statue (Elf:2)
  2 moths of wrath
  2 kobold blastminers (Orc:2)
  3 meliai (Spider:2)
  A guardian serpent (Abyss:3)
  6 black mambas
  19 elephants
  3 orange demons (Swamp:4)
  A smoke demon (Abyss:3)
  A gargoyle (D:13)
  An eye of devastation (shapeshifter) (D:15)
  Maggie (Lair:2)
  4 molten gargoyles
  14 cane toads
  2 unseen horrors (D:10)
  5 torpor snails
  2 rime drakes
  An efreet (D:11)
  Jeremiah (D:7)
  14 komodo dragons
  4 yaktaurs
  2 tengu conjurers
  2 kobold demonologists (D:12)
  10 trolls
  A freezing wraith (D:15)
  2 polar bears
  4 ancient zymes (Abyss:3)
  A red devil (Volcano)
  Prince Ribbit (D:7)
  22 hornets
  5 tyrant leeches
  27 tarantellas
  2 saltlings (Elf:2)
  24 blink frogs
  4 raiju (Abyss:3)
  34 jumping spiders
  8 dream sheep
  32 slime creatures
  3 air elementals
  Sigmund (D:2)
  2 ynoxinuls (Abyss:3)
  5 water elementals
  14 spriggans
  4 shadows
  34 yaks
  3 vampires
  19 culicivoras
  6 wraiths
  7 wyverns
  5 fire elementals
  9 basilisks
  4 fire bats (Volcano)
  9 vampire mosquitoes
  2 steam dragons
  3 wargs
  A human (D:14)
  A basilisk (shapeshifter) (Elf:2)
  A neqoxec (Abyss:3)
  5 hogs (Spider:1)
  60 redbacks
  Menkaure (D:7)
  3 chaos spawn (Abyss:3)
  An acid dragon (D:9)
  8 swamp worms
  11 water moccasins
  6 hell hounds
  14 orc warriors
  A swamp drake (Swamp:3)
  3 ice beasts
  5 black bears
  A spriggan simulacrum (Swamp:2)
  2 hornet zombies (Swamp:2)
  4 centaurs
  5 laughing skulls (Abyss:3)
  10 ogres
  12 wolves
  A phantom (D:4)
  3 weeping skulls (Abyss:3)
  4 kobold brigands
  11 bullfrogs
  An earth elemental (Elf:1)
  A gnoll sergeant (D:10)
  6 scorpions
  10 small abominations
  5 wights
  4 killer bees (D:8)
  5 electric eels (D:15)
  7 howler monkeys
  4 jellies
  8 lava snakes
  2 quasits (Abyss:3)
  2 hounds (D:4)
  15 orc priests
  A bombardier beetle (D:3)
  A gnoll bouda (D:6)
  13 starcursed masses (Abyss:3)
  A sleepcap (D:8)
  2 iguanas
  36 orc wizards
  12 hell rats
  6 gnolls
  7 adders
  6 river rats (Lair:2)
  2 white imps (Abyss:3)
  5 ufetubi
  2 dart slugs
  A ribbon worm (D:2)
  66 orcs
  7 ball pythons
  11 endoplasms
  4 giant cockroaches
  7 goblins
  8 hobgoblins
  13 jackals
  3 quokkas
  6 bats
  4 frilled lizards
  24 kobolds
  7 rats
  2 spectral weapons (Swamp:2)
1247 creatures vanquished.

Vanquished Creatures (others)
  A pharaoh ant (Spider:3)
  A large abomination (Abyss:3)
  A tyrant leech (Swamp:3)
  4 bloated husks
  A hornet (Swamp:4)
  A vampire mosquito (Swamp:1)
  A swamp worm (Swamp:4)
  4 orc wizards (Orc:2)
  An orc (Orc:2)
  8 foxfires (Abyss:3)
23 creatures vanquished.

Grand Total: 1270 creatures vanquished

Notes
Turn   | Place    | Note
-------+----------+-------------------------------------------
     0 | D:1      | jasper the Demonspawn Gladiator began the quest for the
                  | Orb.
     0 | D:1      | Reached XP level 1. HP: 16/16 MP: 1/1
   107 | D:1      | Reached skill level 3 in Axes
   125 | D:1      | Gained mutation: Your demonic aura sometimes causes spilled
                  | blood to erupt in flames. [demonic ancestry]
   125 | D:1      | Reached XP level 2. HP: 15/22 MP: 2/2
   749 | D:1      | Gained mutation: Your demonic aura often causes spilled
                  | blood to erupt in flames. [demonic ancestry]
   749 | D:1      | Reached XP level 3. HP: 27/27 MP: 3/3
  1005 | D:2      | Reached skill level 4 in Axes
  1355 | D:2      | Gained mutation: Your demonic aura causes all spilled blood
                  | to erupt in flames. [demonic ancestry]
  1355 | D:2      | Reached XP level 4. HP: 33/33 MP: 4/4
  1645 | D:2      | Found a faded altar of an unknown god.
  1647 | D:2      | Noticed Sigmund
  1663 | D:2      | Killed Sigmund
  1664 | D:2      | Reached skill level 5 in Axes
  1664 | D:2      | Gained mutation: You have an unusually large brain. (Int
                  | +2) [demonic ancestry]
  1664 | D:2      | Reached XP level 5. HP: 34/38 MP: 5/5
  1787 | D:3      | Reached skill level 6 in Axes
  1897 | D:3      | Reached XP level 6. HP: 38/44 MP: 6/6
  2512 | D:3      | Found a snail-covered altar of Cheibriados.
  2531 | D:3      | Became a worshipper of Cheibriados the Contemplative
  2596 | D:4      | Noticed Pikel
  2608 | D:3      | Killed Pikel
  2609 | D:3      | Reached skill level 8 in Axes
  2609 | D:3      | Gained mutation: You have a small tail. [demonic ancestry]
  2609 | D:3      | Reached XP level 7. HP: 24/50 MP: 7/7
  2717 | D:4      | Learned a level 2 spell: Blink
  3184 | D:4      | Reached skill level 9 in Axes
  3184 | D:4      | Gained mutation: You have an extremely huge brain. (Int +4)
                  | [demonic ancestry]
  3184 | D:4      | Reached XP level 8. HP: 53/56 MP: 8/8
  3342 | D:4      | Found Ytetes's Antique Weapon Shoppe.
  3349 | D:4      | Bought a battleaxe for 149 gold pieces
  3399 | D:4      | Found a broken altar of Ashenzari.
  3474 | D:5      | Entered Level 5 of the Dungeon
  3550 | D:4      | Reached * piety under Cheibriados
  3554 | D:4      | Reached skill level 1 in Armour
  3977 | D:5      | Identified the +7 ring mail "Vuuhiju" {Int+3}
  4024 | D:5      | Found a large runed translucent door.
  4024 | D:5      | Found a large runed translucent door.
  4323 | D:5      | You fall into a shaft and drop 3 floors!
  4348 | D:7      | Noticed Prince Ribbit
  4351 | D:7      | Killed Prince Ribbit
  4400 | D:7      | Reached skill level 10 in Axes
  4584 | D:7      | Found Amalai's Weapon Boutique.
  4586 | D:7      | Noticed Jeremiah
  4587 | D:7      | Found Vululiew's Magic Scroll Shoppe.
  4629 | D:7      | Killed Jeremiah
  4630 | D:7      | Reached XP level 9. HP: 16/65 MP: 9/9
  4826 | D:7      | Bought a scroll of fear for 56 gold pieces
  4826 | D:7      | Bought a scroll of identify for 28 gold pieces
  4826 | D:7      | Bought a scroll of immolation for 56 gold pieces
  4890 | D:6      | Reached ** piety under Cheibriados
  5068 | D:5      | Noticed NateTC's ghost (novice CoFi)
  5088 | D:5      | Killed NateTC's ghost
  5141 | D:6      | Reached skill level 5 in Fighting
  5360 | D:6      | Found a sparkling altar of Nemelex Xobeh.
  5627 | D:6      | Found a sacrificial altar of Ru.
  5906 | D:6      | Found a basalt altar of Yredelemnul.
  5958 | D:6      | Found a staircase to the Ecumenical Temple.
  6122 | D:7      | Found Ymoxkaed's Jewellery Shoppe.
  6189 | D:7      | Found Bim Xeij's Jewellery Shop.
  6383 | D:7      | Found Joatz's Jewellery Emporium.
  6407 | D:7      | Noticed Menkaure
  6414 | D:7      | Killed Menkaure
  6780 | D:8      | Reached skill level 5 in Armour
  6791 | D:8      | Found a staircase to the Lair.
  6792 | D:8      | Noticed a komodo dragon
  6802 | D:8      | Gained mutation: You have a tail ending in a sharp stinger.
                  | [demonic ancestry]
  6802 | D:8      | Reached XP level 10. HP: 76/76 MP: 10/10
  6804 | D:8      | Reached skill level 5 in Dodging
  6806 | D:8      | Reached *** piety under Cheibriados
  7331 | D:8      | Reached **** piety under Cheibriados
  7544 | D:9      | Found an ancient bone altar of Kikubaaqudgha.
  7592 | D:9      | Reached XP level 11. HP: 89/89 MP: 11/11
  7593 | D:9      | Reached skill level 10 in Invocations
  7593 | D:9      | Reached XP level 12. HP: 95/95 MP: 11/20
  7819 | D:9      | Noticed a two-headed ogre
  7824 | D:9      | Killed a two-headed ogre
  7947 | D:9      | Found a staircase to the Orcish Mines.
  7961 | D:9      | Found a roughly hewn altar of Beogh.
  8201 | D:10     | Entered Level 10 of the Dungeon
  8208 | D:10     | Reached ***** piety under Cheibriados
  8309 | D:10     | Reached skill level 11 in Axes
  8483 | D:10     | Found a hide-covered altar of Uskayaw.
  8531 | D:10     | Paralysed by a hornet for 2 turns
  8870 | D:10     | Found a shadowy altar of Dithmenos.
  8871 | D:10     | Found a blossoming altar of Fedhas.
  9110 | D:10     | Reached skill level 12 in Axes
  9352 | D:10     | Found a hide-covered altar of Uskayaw.
  9462 | D:11     | Reached XP level 13. HP: 97/101 MP: 21/21
  9743 | D:11     | Reached skill level 13 in Axes
 10175 | D:7      | Bought the ring "Wion" {rElec rPois MP+9 Stlth-} for 404
                  | gold pieces
 10219 | Lair:1   | Entered Level 1 of the Lair of Beasts
 10219 | Lair:1   | Found a broken altar of Ashenzari.
 10323 | Lair:1   | Reached ****** piety under Cheibriados
 10860 | Lair:1   | Reached skill level 14 in Axes
 11128 | Lair:2   | Found a hole to the Spider Nest.
 11217 | Lair:2   | Found a dark tunnel.
 11227 | Volcano  | Entered a volcano
 11337 | Volcano  | Found a bloodstained altar of Trog.
 11345 | Volcano  | Reached skill level 15 in Axes
 11649 | Lair:2   | Noticed Maggie
 11664 | Lair:2   | Killed Maggie
 11713 | Lair:2   | Reached skill level 10 in Fighting
 11713 | Lair:2   | Reached XP level 14. HP: 89/110 MP: 22/22
 12371 | Lair:3   | Found a staircase to the Swamp.
 12549 | Lair:3   | Noticed Nergalle
 12558 | Lair:3   | Killed Nergalle
 12559 | Lair:3   | Noticed Gastronok
 12575 | Lair:3   | Killed Gastronok
 13504 | Lair:4   | Reached skill level 10 in Armour
 13508 | Lair:4   | Reached skill level 10 in Dodging
 13520 | Lair:4   | Found a staircase to the Slime Pits.
 13905 | Lair:5   | Entered Level 5 of the Lair of Beasts
 13972 | Lair:5   | Found a large runed translucent door.
 14012 | Lair:5   | Found a large runed translucent door.
 14616 | Lair:5   | Reached XP level 15. HP: 120/120 MP: 23/23
 14757 | Lair:5   | Got Kurabos's Lessons on the Differential Geodesic
 15186 | Orc:1    | Entered Level 1 of the Orcish Mines
 15387 | Orc:1    | Found a roughly hewn altar of Beogh.
 15612 | Orc:1    | Found a roughly hewn altar of Beogh.
 15852 | Orc:2    | Entered Level 2 of the Orcish Mines
 15978 | Orc:2    | Found a staircase to the Elven Halls.
 16202 | Orc:2    | Paralysed by an orc sorcerer for 4 turns
 16218 | Orc:2    | Found Zunem's Antique Weapon Emporium.
 16273 | Orc:2    | Found an ancient bone altar of Kikubaaqudgha.
 16285 | Orc:2    | Found Unkoliaxtesch's Jewellery Shoppe.
 16318 | Orc:2    | Noticed Erolcha
 16324 | Orc:2    | Killed Erolcha
 16326 | Orc:2    | Found a radiant altar of Vehumet.
 16373 | Orc:2    | Found a roughly hewn altar of Beogh.
 16379 | Orc:2    | Found Boerer's Distillery.
 16392 | Orc:2    | Found Riwus's Book Emporium.
 16401 | Orc:2    | Bought a book of Unlife for 576 gold pieces
 16410 | Orc:2    | Bought a potion of magic for 120 gold pieces
 16410 | Orc:2    | Bought a potion of curing for 45 gold pieces
 16410 | Orc:2    | Bought 2 potions of curing for 90 gold pieces
 16410 | Orc:2    | Bought 2 potions of resistance for 300 gold pieces
 16410 | Orc:2    | Bought a potion of lignification for 45 gold pieces
 16410 | Orc:2    | Bought a potion of enlightenment for 75 gold pieces
 16720 | D:12     | Noticed Sonja
 16725 | D:12     | Killed Sonja
 17032 | D:12     | Identified the +1 scale mail of Responsibility {rF- Will+
                  | MP+9 Str+2}
 17334 | D:13     | Found a corrupted altar of Lugonu.
 17890 | D:14     | Found a stormy altar of Qazlal.
 18027 | D:14     | Found a runed translucent door.
 18031 | D:14     | Noticed a lich
 18032 | D:14     | Noticed Ucadoall's ghost (journeyman BaHu)
 18038 | D:14     | Found a runed translucent door.
 18248 | D:14     | Reached skill level 16 in Axes
 18613 | D:14     | Found a gate to the Vaults.
 18808 | D:15     | Entered Level 15 of the Dungeon
 18834 | D:15     | Gained mutation: You regenerate a little health from kills.
                  | [demonic ancestry]
 18834 | D:15     | Reached XP level 16. HP: 127/127 MP: 24/24
 19177 | D:15     | Reached skill level 17 in Axes
 19315 | D:15     | HP: 5/127 [red very ugly thing (23)]
 19425 | D:15     | Found a staircase to the Depths.
 20084 | Swamp:1  | Entered Level 1 of the Swamp
 20125 | Swamp:1  | Paralysed by a hornet for 3 turns
 20665 | Swamp:2  | Reached skill level 18 in Axes
 20706 | Swamp:2  | HP: 2/127 [spriggan/+0 spear[a spriggan druid] (11)]
 21190 | Swamp:2  | Found an ancient bone altar of Kikubaaqudgha.
 21197 | Swamp:2  | Reached skill level 19 in Axes
 21201 | Swamp:2  | Got the Folio of Diablerie
 21205 | Swamp:2  | Learned a level 1 spell: Apportation
 21211 | Swamp:2  | Learned a level 5 spell: Borgnjor's Vile Clutch
 21420 | Swamp:3  | Noticed a thorn hunter
 21435 | Swamp:3  | Killed a thorn hunter
 22093 | Swamp:4  | Entered Level 4 of the Swamp
 22247 | Swamp:4  | Reached XP level 17. HP: 99/133 MP: 25/25
 22418 | Swamp:4  | Reached skill level 20 in Axes
 23072 | Swamp:4  | Got a decaying rune of Zot
 23295 | Spider:1 | Entered Level 1 of the Spider Nest
 23301 | Spider:1 | Noticed Frances
 23308 | Spider:1 | Killed Frances
 23315 | Spider:1 | Noticed Kirke
 23323 | Spider:1 | Killed Kirke
 24612 | D:7      | Bought a scroll of acquirement for 728 gold pieces
 24612 | D:7      | Bought a scroll of vulnerability for 56 gold pieces
 24612 | D:7      | Acquired a +2 executioner's axe of draining
 25409 | Spider:2 | Reached skill level 15 in Fighting
 26180 | Spider:3 | Noticed Donald
 26203 | Spider:3 | Killed Donald
 26204 | Spider:3 | Gained mutation: You regenerate health from kills. [demonic
                  | ancestry]
 26204 | Spider:3 | Reached XP level 18. HP: 100/149 MP: 26/26
 26503 | Spider:3 | Identified the +7 hand axe "Liema" {elec, ^Contam rElec
                  | rPois Int+3}
 27125 | Spider:4 | Entered Level 4 of the Spider Nest
 27627 | Spider:4 | Reached skill level 15 in Dodging
 28395 | Spider:4 | Got a gossamer rune of Zot
 28632 | Elf:1    | Entered Level 1 of the Elven Halls
 28664 | Elf:1    | Paralysed by an air elemental for 1 turns
 28680 | Elf:1    | Noticed Zenata
 28695 | Elf:1    | HP: 8/223 [Zenata/a resonance strike (12)]
 28697 | Elf:1    | Killed Zenata
 29037 | Elf:1    | Identified the +3 spear "Guluimp" {heavy, +Blink rElec
                  | Int+4}
 29474 | Elf:1    | Found a hide-covered altar of Uskayaw.
 29527 | Elf:2    | Paralysed by an air elemental for 1 turns
 29536 | Abyss:3  | Cast into level 3 of the Abyss (deep elf knight)
 29584 | Abyss:3  | Paralysed by accursed screaming for 1 turns
 29893 | Abyss:3  | HP: 7/149 [hell hog/fireball (22)]
 29899 | Abyss:3  | Reached XP level 19. HP: 29/155 MP: 27/27
 30031 | Elf:2    | Escaped the Abyss
 30035 | Elf:2    | Reached skill level 1 in Translocations
 30121 | Elf:2    | Noticed Azrael
 30158 | Elf:2    | Killed Azrael
 30159 | Elf:2    | Reached skill level 15 in Armour
 30371 | Elf:2    | Reached skill level 1 in Necromancy
 30377 | Elf:2    | Found a large runed translucent door.
 30377 | Elf:2    | Found a large runed translucent door.
 30401 | Elf:2    | Reached skill level 1 in Earth Magic
 30403 | Elf:2    | Found a large runed translucent door.
 30403 | Elf:2    | Found a large runed translucent door.
 30800 | Elf:3    | Entered Level 3 of the Elven Halls
 30801 | Abyss:3  | Cast into level 3 of the Abyss (a deep elf demonologist)
 31105 | Elf:3    | Escaped the Abyss
 31192 | Elf:3    | Noticed a Tzitzimitl
 31279 | Elf:3    | Reached skill level 5 in Necromancy
 31488 | Elf:3    | Reached skill level 5 in Earth Magic
 31632 | Elf:3    | Identified the amulet "Hahah" {Acrobat rN+++ Stlth-}
 31638 | Elf:3    | HP: 2/155 [deep elf annihilator/poison arrow (19)]
 31642 | Elf:3    | Shot with an arrow by a deep elf master archer

Illustrated notes

Levels and vault maps discovered:
D:1:      dpeg_arrival_pits, layout_basic, minivault_5, dk_noncrumbling_4
D:2:      layout_basic, chequers_ecumenical_altar_simple, minivault_26,
          uniq_sigmund
D:3:      layout_basic, kennysheep_slug_shrine
D:4:      layout_cave_pools, mainiacjoe_overflow_alcove_2, serial_shops,
          nicolae_shop_dealshenge, uniq_pikel
D:5:      layout_loops_cross, ebering_ghost_disaster_area
D:6:      layout_basic, marbit_many_paths, mainiacjoe_overflow_alcove_1,
          nemelex_diamond_rough_becter, minmay_temple_entry_poolview,
          minmay_misc_feat_x
D:7:      layout_basic, serial_shops, shop, shop, shop, shop, shop,
          uniq_jeremiah, uniq_prince_ribbit1, uniq_menkaure
D:8:      layout_basic, due_lair_maze_entry_diamond
D:9:      layout_loops_cross, mainiacjoe_overflow_tiny_flanked,
          minmay_orc_entry_temple_small
D:10:     wad_woods_stonehenge, layout_irregular_city,
          mainiacjoe_overflow_brackets, mainiacjoe_overflow_divided_tiny
D:11:     layout_basic
D:12:     layout_basic, uniq_sonja
D:13:     layout_loops_ring, tgw_lugonu_bribe
D:14:     layout_basic, grunt_vaults_entry_fortified,
          nicolae_qazlal_style_of_elements, muffindrake_ghost_dual_entry,
          serial_library_regret_index_double_sided
D:15:     gammafunk_enter_depths_forms, layout_long_grid, amethyst_killhole,
          serial_bayou, serial_bayou_pond_d, serial_bayou_lagoon_b,
          serial_bayou_shore_a, serial_bayou_lake_a
Lair:1:   layout_cave_pods, basic_altar, minmay_lair_oklob_items, st_stairs_11,
          lemuel_fruit_fields
Lair:2:   layout_chaotic_city, nicolae_spider_entry_lesser_pyramids,
          enter_volcano_2, kennysheep_abandoned_house, uniq_maggie
Lair:3:   layout_gridlike, swamp_mist_pool, uniq_nergalle, uniq_gastronok
Lair:4:   layout_roguey, slime_entry_2, grunt_forest_large_clearing_hut
Lair:5:   cheibrodos_lair_end_hotspot, layout_cave_pods,
          grunt_forest_stairs_basic, nicolae_lair_grazing_beasts
          [nicolae_sub_lair_graze_edge, nicolae_sub_lair_graze_edge,
          nicolae_sub_lair_graze_edge, nicolae_sub_lair_graze_edge]
Swamp:1:  layout_falls_marsh, evilmike_swamp_ruin_house_3
Swamp:2:  layout_basic_swamp, evilmike_swamp_ruin_house_6, beargit_kiku_chapel
Swamp:3:  layout_falls_marsh, nicolae_swamp_triple_paths, kb_tengu_band
Swamp:4:  swamp_vile, layout_basic_swamp, swamp_pool_4,
          nicolae_swamp_tree_designs, infiniplex_staircase_pool_2
Spider:1: layout_chambers, hive_lemuel, hangedman_spider_tarantella_strand,
          uniq_kirke, uniq_frances
Spider:2: layout_spider_delve, drop_trap, nicolae_spider_circle_web,
          nicolae_spider_bug_shape
Spider:3: nicolae_spider_broodchamber, uniq_donald
Spider:4: spider_rune_water
Orc:1:    layout_caves, basic_altar, nicolae_orc_hostile_takeover,
          regret_index_minedec_shroomtown_chain, minmay_orc_temple_a
Orc:2:    kennysheep_orc_mage_school, layout_caves, special_room
Elf:1:    nicolae_elf_arrival_fired_up, layout_rooms, nicolae_elf_altarnating,
          uniq_zenata
Elf:2:    elven_hall_of_blades_hangedman_alternative
          [nicolae_blade_entry_splitting_headache], layout_geoelf_diagonals,
          portal_desolation_entry_salt, portal_ice_cave_entry_ice_statue_one,
          uniq_azrael
Elf:3:    nooodl_elf_gasket, layout_onion_city, serial_shops,
          nicolae_shop_tiny_real_fake_doors

Skill      XL: |  1  2  3  4  5  6  7  8  9 10 11 12 13 14 15 16 17 18 19 |
---------------+----------------------------------------------------------+-----
Axes           | 3 4 5 6 8 9 10 12 15 16 19 20 | 20.0
Armour         | 3 5 8 10 12 14 15 | 15.0
Fighting       | 4 6 9 10 12 15 | 15.0
Dodging        | 4 7 8 10 12 13 15 | 15.0
Invocations    | 10 | 10.9
Translocations | 3 |  3.0
Necromancy     | 7 |  7.4
Earth Magic    | 6 |  6.2
Throwing       | |  1.7

Action                     |  1- 3 |  4- 6 |  7- 9 | 10-12 | 13-15 | 16-18 | 19-21 || total
---------------------------+-------+-------+-------+-------+-------+-------+-------++-------
  Melee: War axe           |   114 |    76 |    42 |       |       |       |       ||   232
         Tailslap          |       |       |    25 |    31 |   192 |   284 |    64 ||   596
         Battleaxe         |       |       |   156 |   171 |   792 |  1204 |   297 ||  2620
  Throw: Throwing net      |       |     3 |       |       |       |       |     1 ||     4
         Javelin           |       |       |     8 |       |       |       |       ||     8
         Stone             |       |       |     1 |       |       |       |       ||     1
 Invoke: Slouch            |       |       |       |       |     5 |    19 |     9 ||    33
  Evoke: Wand              |       |       |       |       |       |    11 |     1 ||    12
         Lightning rod     |       |       |       |       |       |     7 |       ||     7
         Phial of floods   |       |       |       |       |       |     1 |       ||     1
    Use: Scroll            |     4 |       |    17 |     3 |     5 |     3 |       ||    32
         Potion            |       |       |     4 |     2 |       |    15 |     3 ||    24
   Stab: Paralysed         |       |       |       |       |       |     1 |       ||     1
         Distracted        |       |       |       |       |       |     1 |       ||     1
 Armour: Leather armour    |    57 |       |       |       |       |       |       ||    57
         Chain mail        |    61 |    93 |    67 |       |       |       |       ||   221
         Ring mail         |       |       |   177 |   164 |   580 |  1005 |   221 ||  2147
         Skin              |       |       |       |       |       |     7 |       ||     7
  Dodge: Dodged            |    87 |    56 |   149 |   227 |  1107 |  1869 |   299 ||  3794

Table legend: (Time is in decaauts)
 A = Elapsed time spent in this place.
 B = Non-inter-level travel time spent in this place.
 C = Inter-level travel time spent in this place.
 D = Time resting spent in this place.
 E = Time spent auto-exploring this place.
 F = Levels seen in this place.
 G = Mean time per level.
                   A        B        C        D        E       F      G
               +--------+--------+--------+--------+--------+-----+--------+
         Total |  49076 |  45474 |   3602 |   3196 |  32091 |  36 | 1363.2 |
       Dungeon |  19814 |  18056 |   1758 |   1749 |  12980 |  15 | 1320.9 |
          Lair |   8680 |   7832 |    848 |    143 |   5965 |   5 | 1736.0 |
         Swamp |   5432 |   5117 |    315 |    356 |   3759 |   4 | 1358.0 |
   Spider Nest |   7708 |   7365 |    343 |    375 |   5352 |   4 | 1927.0 |
  Orcish Mines |   2574 |   2361 |    213 |      0 |   1793 |   2 | 1287.0 |
   Elven Halls |   3258 |   3136 |    122 |    379 |   1837 |   3 | 1086.0 |
         Abyss |   1139 |   1139 |      0 |     89 |    234 |   2 |  569.5 |
       Volcano |    468 |    468 |      0 |    105 |    168 |   1 |  468.0 |
               +--------+--------+--------+--------+--------+-----+--------+

Top non-repeatable levels by time:
Spider:1: 2696 daAuts
  Lair:5: 2026 daAuts
    D:10: 1958 daAuts
    D:15: 1920 daAuts
  Lair:2: 1882 daAuts
Spider:2: 1867 daAuts
  Lair:1: 1824 daAuts
 Swamp:4: 1707 daAuts
     D:7: 1694 daAuts
Spider:4: 1691 daAuts
    D:14: 1662 daAuts
  Lair:3: 1644 daAuts
   Elf:2: 1549 daAuts
   Elf:1: 1453 daAuts
Spider:3: 1453 daAuts
